cohdb
Replays
Latest Replays
All Replays
Popular Replays
Top Player Replays
Match Explorer
How It Works
Community
CoH3 Stats
Reddit
Sign in to upload your games and track your stats! →
Sign in with Steam
Match 42081110
Unlisted
Match 42081110
Overview
Messages
Build Orders
End
Vickers Machine Gun Team
Construct Section Command Post
Selects Canadian Shock Battlegroup
ML 3-inch Mortar Team
Infantry Section
Construct Field Infirmary
Selects Attacking Spirit
Selects Canadian Shock Section
Canadian Shock Section
Grenade Package
Selects Incendiary Munitions
Infantry Section
Canadian Shock Section
Selects Pyrotechnics
karchard1993
PMAgent2013
takoe
UH|dun! ツ
titimu7
Killer_bunny
0
0
Comments
sign in to comment!
No comments posted yet!